 Dungeon Crawl Stone Soup version 0.29-a0-973-gac7da5f7f0 (webtiles) character file.

Game seed: 9598445018963244434

923 concernfroge the Fighter (level 7, -5/64 HPs)
             Began as a Mummy Monk on July 31, 2022.
             Slain by an ogre
             ... wielding a +0 giant club
              (30 damage)
             ... on level 5 of the Dungeon.
             The game lasted 00:12:38 (3828 turns).

concernfroge the Fighter (Mummy Monk)               Turns: 3828, Time: 00:12:39

Health: -5/64      AC: 10    Str: 16    XL:     7   Next: 84%
Magic:  7/7        EV:  7    Int:  9    God:
Gold:   190        SH:  0    Dex: 15    Spells: 6/6 levels left

rFire   x . .      SeeInvis +   h - +0 arbalest
rCold   + . .      Faith    .   (shield currently unavailable)
rNeg    + + +      Spirit   .   i - +1 chain mail of the Swan {rN+ SInv}
rPois   ∞          Reflect  .   (no helmet)
rElec   .          Harm     .   g - +0 cloak
rCorr   .          Rampage  .   (no gloves)
Will    .....                   (no boots)
Stlth   ..........              d - amulet of regeneration
HPRegen 1.00/turn               (no ring)
MPRegen 0.10/turn               (no ring)

@: no status effects
A: cold resistance 1, negative energy resistance 3, torment resistance 2, heat
vulnerability 1, in touch with death 1, no potions
a: no special abilities


You were on level 5 of the Dungeon.
You visited 1 branch of the dungeon, and saw 5 of its levels.
You also visited: Sewer.

You collected 353 gold pieces.
You spent 163 gold pieces at shops.

Inventory:

Hand Weapons
 a - a +0 spear
 h - a +0 arbalest (weapon)
Armour
 g - a +0 cloak (worn)
 i - the +1 chain mail of the Swan (worn) {rN+ SInv}
   (You took it off a goblin on level 3 of the Dungeon)

   rN:        It protects you from negative energy.
   SInv:      It lets you see invisible.
Jewellery
 d - an amulet of regeneration (around neck)
Wands
 o - a wand of flame (3)
Scrolls
 b - 2 scrolls of immolation
 c - a scroll of noise
 e - 2 scrolls of enchant armour
 j - a scroll of identify
 n - 2 scrolls of amnesia


   Skills:
 + Level 9.5 Fighting
 - Level 2.4 Polearms
 - Level 2.4 Dodging
 - Level 1.5 Stealth


You had 6 spell levels left.
You didn't know any spells.
Your spell library contained the following spells:

 Spells                   Type           Power      Damage    Failure   Level
 Sandblast                Erth           0%         2d4       100%        1
 Passwall                 Tmut/Erth      0%         N/A       100%        2
 Stone Arrow              Conj/Erth      0%         3d7       100%        3


Dungeon Overview and Level Annotations

Branches:
Dungeon (5/15)              Sewer (visited)
 Temple: D:4-7

Altars:
Ashenzari
Fedhas
Gozag

Shops:
D:3 :(**   D:4 :

Annotations:
D:3 2 transporters, freelancePsychic's ghost, amateur DrAM
D:5 3 runed translucent doors, jujuben's ghost, novice TrGl


Innate Abilities, Weirdness & Mutations

You are immune to poison.
Your flesh is cold resistant. (rC+)
You are immune to negative energy. (rN+++)
You are immune to unholy pain and torment.
You are vulnerable to heat. (rF-)
You are in touch with the powers of death.
You do not drink.


Message History

You swap places.
The bullfrog zombie closely misses your butterfly.
The kobold demonologist completely misses your butterfly.
The bullfrog zombie closely misses your butterfly.
You swap places.
The kobold demonologist begins to cast a cantrip, but forgets the words!
The ogre closely misses your butterfly.
The bullfrog zombie barely misses your butterfly.
The kobold demonologist begins to cast a cantrip, but forgets the words!
The phantom hits your butterfly!
Your butterfly dies!
Your butterfly disappears in a burst of colours!
The ogre barely misses your butterfly.
The bullfrog zombie misses something.
Something hits your butterfly.
Your butterfly dies!
Your butterfly disappears in a burst of colours!
The phantom hits your butterfly.
Your butterfly dies!
Your butterfly disappears in a burst of colours!
Something misses your butterfly.
There is a stone staircase leading up here.
Fire: h) +0 arbalest
Press: ? - help, Q - select action, (/) - cycle Shift-Dir - straight line, f/p - bullfrog zombie
Aim: a bullfrog zombie (severely damaged, 69% to hit)
You shoot a bolt. The bolt hits the bullfrog zombie!
You destroy the bullfrog zombie!
Fire: h) +0 arbalest
Press: ? - help, Q - select action, (/) - cycle Shift-Dir - straight line, f - ogre
Aim: an ogre, wielding a +0 giant club (73% to hit)
You shoot a bolt. The bolt hits the ogre!
The ogre is heavily wounded.
Fire: h) +0 arbalest
Press: ? - help, Q - select action, (/) - cycle Shift-Dir - straight line, f/p - ogre
Aim: an ogre, wielding a +0 giant club (heavily wounded, 73% to hit)
You shoot a bolt. The bolt hits the ogre.
The ogre is heavily wounded.
As you read the scroll of butterflies, it crumbles to dust.
You hear the tinkle of a tiny bell.
The phantom misses your butterfly.
The ogre hits you with a +0 giant club!!
You die...

.....##.#### #≈≈≈≈.≈
###.## #...b#
#.≈≈≈≈.##...#
###.########....P....###
#.#........#####.###
#.........#....).#
##..........######
##.Wbbbbb###


#..bObbb# #..bb@bb# ######### You could see an ogre (ally target) and a phantom
(ally target).

Vanquished Creatures
  An ogre (D:4)
  A necrophage (D:4)
  2 bullfrogs (Sewer)
  A scorpion (D:4)
  2 water moccasin zombies (D:5)
  A bullfrog zombie (D:5)
  Crazy Yiuf (D:4)
  A bullfrog skeleton (D:5)
  A hound (D:5)
  Jessica (D:3)
  An iguana (D:5)
  A killer bee zombie (D:5)
  A hound skeleton (D:5)
  11 adders
  6 river rats
  2 worms (D:3)
  3 dart slugs
  3 orcs
  22 ball pythons
  3 bats
  6 endoplasms
  3 giant cockroaches
  6 goblins
  11 hobgoblins
  3 jackals (D:4)
  4 kobolds
  6 quokkas
  7 frilled lizards
  23 rats
134 creatures vanquished.

Vanquished Creatures (others)
  A withered plant (D:5)
1 creature vanquished.

Grand Total: 135 creatures vanquished

Notes
Turn   | Place    | Note
-------+----------+-------------------------------------------
     0 | D:1      | concernfroge the Mummy Monk began the quest for the Orb.
     0 | D:1      | Reached XP level 1. HP: 18/18 MP: 1/1
   102 | D:1      | Reached XP level 2. HP: 18/24 MP: 2/2
   217 | D:1      | Found a faded altar of an unknown god.
   637 | D:1      | Reached skill level 4 in Fighting
   905 | D:2      | Identified the amulet of Koluj {Spirit rPois Dex+2}
   946 | D:2      | Gained mutation: You are in touch with the powers of death.
                  | [Mummy growth]
   946 | D:2      | Reached XP level 3. HP: 28/30 MP: 3/3
  1523 | D:3      | Found Sonu's Weapon Shop.
  1523 | D:3      | Found a transporter.
  1524 | D:3      | Found a transporter.
  1533 | D:3      | Bought a +0 arbalest for 63 gold pieces
  1553 | D:3      | Noticed freelancePsychic's ghost (amateur DrAM)
  1553 | D:3      | Identified the +7 dire flail of Vanity {vorpal, rF- rC+
                  | Int+3 Stlth+}
  1553 | D:3      | Noticed an ogre
  1555 | D:3      | Noticed an ogre
  1592 | D:3      | Noticed Jessica
  1593 | D:3      | Killed Jessica
  1594 | D:3      | Reached skill level 5 in Fighting
  1594 | D:3      | Reached XP level 4. HP: 39/39 MP: 4/4
  1643 | D:3      | Found Rixer's Assorted Antiques.
  1653 | D:3      | Bought a forked brass wand for 76 gold pieces
  1969 | D:3      | Identified the +1 chain mail of the Swan {rN+ SInv}
  1971 | D:3      | Found a blossoming altar of Fedhas.
  2009 | D:3      | Found Jidos's General Store.
  2017 | D:3      | Bought a scroll of identify for 24 gold pieces
  2119 | D:3      | Found a glowing drain.
  2123 | Sewer    | Entered a sewer
  2146 | Sewer    | Reached XP level 5. HP: 44/46 MP: 5/5
  2208 | Sewer    | Reached skill level 6 in Fighting
  2427 | Sewer    | Reached skill level 7 in Fighting
  2427 | Sewer    | Reached XP level 6. HP: 23/55 MP: 6/6
  2663 | D:3      | Found Qynkim's Book Boutique.
  2841 | D:4      | Identified the +1 leather armour of the Equinox {Harm
                  | rElec}
  2898 | D:4      | Found Xeoteih's Vocational Training.
  3026 | D:4      | Identified the +0 leather armour of Kut Cym {rElec rF++ rC-
                  | Slay+3}
  3070 | D:4      | Reached skill level 8 in Fighting
  3197 | D:4      | Found a runed translucent door.
  3198 | D:4      | Noticed Crazy Yiuf
  3298 | D:4      | Reached XP level 7. HP: 62/62 MP: 7/7
  3588 | D:4      | Killed Crazy Yiuf
  3699 | D:5      | Entered Level 5 of the Dungeon
  3699 | D:5      | Found a runed translucent gate.
  3699 | D:5      | Found a runed translucent gate.
  3699 | D:5      | Found a runed translucent gate.
  3705 | D:5      | Found an opulent altar of Gozag.
  3705 | D:5      | Found the amulet of Elemental Vulnerability {rPois rF--
                  | rC-- AC+8}
  3706 | D:5      | Noticed jujuben's ghost (novice TrGl)
  3774 | D:5      | Reached skill level 9 in Fighting
  3794 | D:5      | Found a broken altar of Ashenzari.
  3810 | D:5      | Noticed a steam dragon
  3811 | D:5      | Noticed a kobold demonologist
  3828 | D:5      | Slain by an ogre

Illustrated notes

Levels and vault maps discovered:
D:1:      minmay_arrival_split_and_join, layout_loops_cross,
          basic_ecumenical_altar
D:2:      layout_loops_ring
D:3:      layout_loops_ring, lemuel_round_altar, gup_sewer_entry_spiral,
          gammafunk_ghost_smash, serial_shops, nicolae_lakefront_shop,
          nicolae_shop_hallway_plus, shop, shop, chequers_serial_rivers_micro_b,
          uniq_jessica
D:4:      layout_basic, nicolae_shop_vocational, uniq_crazy_yiuf_cottage
D:5:      layout_rooms, chequers_temple_overflow_statue_of_worship,
          ebering_ghost_gozag, serial_undead, serial_undead_d, serial_undead_d,
          serial_undead_f, serial_undead_f, serial_undead_a, serial_undead_e,
          uniq_blork_the_orc

Skill      XL: |  1  2  3  4  5  6  7 |
---------------+----------------------+-----
Fighting       | 4 5 7 8 9 |  9.5
Polearms       | |  2.4
Dodging        | |  2.4
Stealth        | |  1.5

Action                   |  1- 3 |  4- 6 |  7- 9 || total
-------------------------+-------+-------+-------++-------
Melee: Spear             |   119 |       |       ||   119
 Fire: Arbalest          |     9 |   234 |    63 ||   306
Evoke: Wand              |       |    14 |       ||    14
  Use: Scroll            |     1 |    10 |     3 ||    14
 Stab: Sleeping          |     8 |       |       ||     8
Armor: Robe              |     8 |       |       ||     8
       Scale mail        |     6 |   150 |       ||   156
       Leather armour    |     4 |       |       ||     4
       Chain mail        |       |    37 |    63 ||   100
Dodge: Dodged            |    61 |   197 |    35 ||   293

Table legend: (Time is in decaauts)
 A = Elapsed time spent in this place.
 B = Non-inter-level travel time spent in this place.
 C = Inter-level travel time spent in this place.
 D = Time resting spent in this place.
 E = Time spent auto-exploring this place.
 F = Levels seen in this place.
 G = Mean time per level.
                   A        B        C        D        E       F      G
               +--------+--------+--------+--------+--------+-----+--------+
         Total |   4282 |   4060 |    222 |      0 |   2894 |   6 |  713.7 |
       Dungeon |   3732 |   3510 |    222 |      0 |   2651 |   5 |  746.4 |
         Sewer |    549 |    549 |      0 |      0 |    242 |   1 |  549.0 |
               +--------+--------+--------+--------+--------+-----+--------+

Top non-repeatable levels by time:
     D:4: 1047 daAuts
     D:3: 981 daAuts
     D:1: 898 daAuts
     D:2: 622 daAuts
   Sewer: 549 daAuts
     D:5: 183 daAuts
